 Dungeon Crawl Stone Soup version 0.32-a0-868-g153ae1a8d6 (webtiles) character file.

Game seed: 18160196043748418431

636600 olmar the Skullcrusher (level 26, -5/266 HPs)
             Began as a Mountain Dwarf Fighter on Mar 26, 2024.
             Was an Initiate of Gozag.
             Killed from afar by a purple draconian (41 damage)
             ... with a bolt of dispelling energy
             ... led by a red draconian scorcher
             ... on level 3 of the Realm of Zot on Mar 28, 2024.
             The game lasted 02:32:03 (67511 turns).

olmar the Skullcrusher (Mountain Dwarf Fighter)    Turns: 67511, Time: 02:32:04

Health: -5/266     AC: 41    Str: 39    XL:     26   Next: 94%
Magic:  0/23       EV: 13    Int: 10    God:    Gozag
Gold:   8029       SH: 35    Dex: 10    Spells: 25/25 levels left

rFire   + + .        o - +9 eveningstar of Atter {spect, rElec Str+5 Dex-5}
rCold   + + +        V - +18 shield of the Gong {Loud rN+ Will+ rCorr EV-5}
rNeg    + + +        U - +9 plate armour of Guihona {^Contam rPois rC+ Dex+4}
rPois   +            B - +0 helmet
rElec   +            m - +0 cloak {Will+}
rCorr   +            b - +2 pair of gloves
SInv    +            C - +2 pair of slick slippers {slick, slippery, EV+4}
Will    ++++.        Q - amulet "Dorab" {Spirit rF+ rC+ Regen+} Stlth
                     A - ring of the Messenger {rN++ EV+5 Str+6}
HPRegen 0.00/turn    q - ring "Toukour" {rF+ rC+ rN+ SInv}
MPRegen 0.18/turn

%: random rage (9%), guardian spirit
@: gold aura, on berserk cooldown, inhibited regen, studying 3 skills
A: runic magic, artefact enchanting, thin skeletal structure 1, see invisible,
berserk 2, dopey 1, inhibited regeneration, no potion heal 1, subdued magic 1,
inability to drink after injury 1
}: 4/15 runes: decaying, slimy, silver, gossamer
a: Renounce Religion, Potion Petition, Call Merchant, Bribe Branch


You were on level 3 of the Realm of Zot.
You worshipped Gozag.
Gozag was greatly pleased with you.
You visited 12 branches of the dungeon, and saw 54 of its levels.
You visited the Abyss 1 time.
You also visited: Wizlab.

You collected 30176 gold pieces.
You spent 9963 gold pieces at shops.
You paid 12184 gold pieces to Gozag.

Inventory:

Hand Weapons
 o - the +9 eveningstar of Atter (weapon) {spect, rElec Str+5 Dex-5}
   (You acquired it on level 7 of the Dungeon)

   Str+5:     It affects your strength (+5).
   Dex-5:     It affects your dexterity (-5).
   rElec:     It insulates you from electricity.
Missiles
 d - 16 curare-tipped darts (quivered)
Armour
 b - a +2 pair of gloves (worn)
 m - a +0 cloak of willpower (worn)
 B - a +0 helmet (worn)
 C - the +2 pair of slick slippers (worn) {slick, slippery, EV+4}
   (You found it on level 1 of the Depths)

   Slick:     Its wearer cannot be constricted, engulfed, netted, webbed, or
   stopped by binding sigils.
   Slippery:  Its wearer slips away from damaging melee attacks, pulling the
   attacker onward.
   EV+4:      It affects your evasion (+4).
 U - the +9 plate armour of Guihona (worn) {^Contam rPois rC+ Dex+4}
   (You bought it in a shop on level 2 of the Orcish Mines)

   Dex+4:     It affects your dexterity (+4).
   rC+:       It protects you from cold.
   rPois:     It protects you from poison.
   ^Contam:   It causes magical contamination when unequipped.
 V - the +18 shield of the Gong (worn) {Loud rN+ Will+ rCorr EV-5}
   (You bought it in a shop on level 3 of the Spider Nest)

   Loud:      It is deafeningly noisy when blocking attacks.
   EV-5:      It affects your evasion (-5).
   rN+:       It protects you from negative energy.
   Will+:     It increases your willpower.
   rCorr:     It protects you from acid and corrosion.
Jewellery
 a - the ring of Odoerynu {rElec rPois rC++ rCorr}
   (You took it off a deep elf sorcerer on level 3 of the Elven Halls)

   [ring of resist corrosion]

   rC++:      It greatly protects you from cold.
   rElec:     It insulates you from electricity.
   rPois:     It protects you from poison.
   rCorr:     It protects you from acid and corrosion.
 q - the ring "Toukour" (right hand) {rF+ rC+ rN+ SInv}
   (You bought it in a shop on level 3 of the Lair of Beasts)

   [ring of protection from fire]

   rF+:       It protects you from fire.
   rC+:       It protects you from cold.
   rN+:       It protects you from negative energy.
   SInv:      It lets you see invisible.
 y - the ring of Dawn {Fly rN+ Will+}
   (You bought it in a shop on level 3 of the Lair of Beasts)

   [ring of flight]

   rN+:       It protects you from negative energy.
   Will+:     It increases your willpower.
   Fly:       It grants you flight.
 A - the ring of the Messenger (left hand) {rN++ EV+5 Str+6}
   (You found it on level 3 of the Crypt)

   [ring of evasion]

   EV+5:      It affects your evasion (+5).
   Str+6:     It affects your strength (+6).
   rN++:      It greatly protects you from negative energy.
 H - the ring of Astre Fam {rF- rC++ Will+ EV+5}
   (You found it on level 3 of the Crypt)

   [ring of evasion]

   EV+5:      It affects your evasion (+5).
   rF-:       It makes you vulnerable to fire.
   rC++:      It greatly protects you from cold.
   Will+:     It increases your willpower.
 P - an amulet of reflection
 Q - the amulet "Dorab" (around neck) {Spirit rF+ rC+ Regen+}
   (You bought it in a shop on level 4 of the Depths)

   [amulet of guardian spirit]

   Spirit:    It causes incoming damage to be divided between your reserves of
   health and magic.
   rF+:       It protects you from fire.
   rC+:       It protects you from cold.
   Regen+:    It increases your rate of health regeneration.
Wands
 e - a wand of digging (15)
 h - a wand of polymorph (18)
 p - a wand of flame (19)
 v - a wand of roots (49)
 O - a wand of mindburst (13)
 R - a wand of paralysis (8)
 X - a wand of acid (31)
Scrolls
 c - 7 scrolls of blinking
 i - 10 scrolls of fear
 j - 9 scrolls of enchant armour
 k - 8 scrolls of fog
 l - 3 scrolls of poison
 n - 8 scrolls of teleportation
 r - a scroll of summoning
 s - 3 scrolls of silence
 t - 11 scrolls of revelation
 E - 5 scrolls of enchant weapon
 F - a scroll of immolation
Potions
 f - 18 potions of curing
 g - 4 potions of mutation
 w - 3 potions of haste
 x - 4 potions of lignification
 z - 6 potions of heal wounds
 D - 3 potions of resistance
 G - 2 potions of invisibility
 J - 6 potions of ambrosia
 K - 5 potions of might
 L - a potion of magic
 M - 8 potions of enlightenment
 S - 4 potions of attraction
 T - 5 potions of cancellation
 W - 3 potions of berserk rage
Miscellaneous
 u - a tin of tremorstones (2/2)
 I - a sack of spiders (inert)
 N - a phantom mirror
 Y - a phial of floods
 Z - a lightning rod (1/4)


   Skills:
 O Level 27 Fighting
 O Level 27 Maces & Flails
 - Level 0.1 Throwing
 O Level 27 Armour
 O Level 27 Shields
 + Level 18.7 Evocations


You had 25 spell levels left.
You didn't know any spells.
Your spell library contained the following spells:

 Spells                   Type           Power      Damage    Failure   Level
 Foxfire                  Conj/Fire      0%         2x1d4     36%         1
 Freeze                   Ice            0%         1d3       36%         1
 Magic Dart               Conj           0%         1d3       36%         1
 Slow                     Hex            0%         N/A       36%         1
 Blink                    Tloc           0%         N/A       52%         2
 Call Imp                 Summ           0%         N/A       52%         2
 Cigotuvi's Dreadful Rot  Necr/Alch/Air  0%         N/A       52%         2
 Ensorcelled Hibernation  Hex/Ice        0%         N/A       52%         2
 Lesser Beckoning         Tloc           0%         N/A       52%         2
 Momentum Strike          Conj/Tloc      0%         3d8       52%         2
 Scorch                   Fire           0%         2d5       52%         2
 Sublimation of Blood     Necr           0%         N/A       52%         2
 Confusing Touch          Hex            0%         N/A       77%         3
 Frozen Ramparts          Ice            0%         1d1       77%         3
 Fugue of the Fallen      Necr           0%         N/A       77%         3
 Gell's Gravitas          Tloc           0%         3d6       77%         3
 Hailstorm                Conj/Ice       0%         3d5       77%         3
 Inner Flame              Hex/Fire       0%         N/A       77%         3
 Ozocubu's Armour         Ice            0%         N/A       77%         3
 Passwall                 Erth           0%         N/A       77%         3
 Sigil of Binding         Hex            0%         N/A       77%         3
 Summon Ice Beast         Ice/Summ       0%         N/A       77%         3
 Swiftness                Air            0%         N/A       77%         3
 Teleport Other           Tloc           0%         N/A       77%         3
 Vampiric Draining        Necr           0%         2d6       77%         3
 Volatile Blastmotes      Fire/Tloc      0%         2d10      77%         3
 Anguish                  Hex/Necr       0%         N/A       99%         4
 Animate Armour           Summ/Erth      0%         N/A       99%         4
 Brom's Barrelling Bould  Conj/Erth      0%         2d3       99%         4
 Flame Wave               Conj/Fire      0%         2d4       99%         4
 Ignite Poison            Fire/Alch      0%         N/A       99%         4
 Leda's Liquefaction      Alch/Erth      0%         N/A       99%         4
 Martyr's Knell           Necr/Summ      0%         N/A       99%         4
 Petrify                  Alch/Erth      0%         N/A       99%         4
 Sticky Flame             Fire/Alch      0%         2d4       99%         4
 Summon Lightning Spire   Summ/Air       0%         N/A       99%         4
 Vhi's Electric Charge    Tloc/Air       0%         N/A       99%         4
 Arcjolt                  Conj/Air       0%         1d10      100%        5
 Curse of Agony           Necr           0%         N/A       100%        5
 Fireball                 Conj/Fire      0%         3d3       100%        5
 Freezing Cloud           Conj/Ice/Air   0%         6-21      100%        5
 Irradiate                Conj/Alch      0%         3d11      100%        5
 Iskenderun's Battlesphe  Conj           0%         2d6       100%        5
 Lee's Rapid Deconstruct  Erth           0%         3d4*      100%        5
 Metabolic Englaciation   Hex/Ice        0%         N/A       100%        5
 Summon Forest            Summ/Tloc      0%         N/A       100%        5
 Summon Mana Viper        Hex/Summ       0%         N/A       100%        5
 Bombard                  Conj/Erth      0%         9d1       100%        6
 Conjure Ball Lightning   Conj/Air       0%         3x3d6     100%        6
 Eringya's Noxious Bog    Alch           0%         4d6       100%        6
 Permafrost Eruption      Ice/Erth       0%         2x4d2     100%        6
 Plasma Beam              Fire/Air       0%         2x1d10    100%        6
 Sculpt Simulacrum        Ice/Alch       0%         N/A       100%        6
 Starburst                Conj/Fire      0%         6d3       100%        6
 Summon Cactus Giant      Summ           0%         N/A       100%        6
 Haunt                    Necr/Summ      0%         N/A       100%        7
 Manifold Assault         Tloc           0%         N/A       100%        7
 Monstrous Menagerie      Summ           0%         N/A       100%        7
 Orb of Destruction       Conj           0%         9d5       100%        7
 Ozocubu's Refrigeration  Ice            0%         4d7       100%        7
 Spellforged Servitor     Conj/Summ      0%         N/A       100%        7
 Summon Hydra             Summ           0%         N/A       100%        7
 Borgnjor's Revivificati  Necr           0%         N/A       100%        8
 Ignition                 Fire           0%         3d3       100%        8
 Infestation              Necr           0%         N/A       100%        8
 Summon Horrible Things   Summ           0%         N/A       100%        8
 Chain Lightning          Conj/Air       0%         N/A       100%        9
 Fire Storm               Conj/Fire      0%         5d1       100%        9
 Polar Vortex             Ice            0%         N/A       100%        9
 Shatter                  Erth           0%         3d5*      100%        9
 Animate Dead             Necr           Unusable   N/A       N/A         4

Dungeon Overview and Level Annotations

Branches:
Dungeon (15/15)            Temple (1/1) D:4            Lair (5/5) D:8
  Swamp (4/4) Lair:3       Spider (4/4) Lair:3        Slime (5/5) Lair:5
    Orc (2/2) D:11            Elf (3/3) Orc:2        Vaults (5/5) D:14
  Crypt (3/3) Vaults:3       Tomb (0/3) Crypt:3      Depths (4/4) D:15
    Zot (3/5) Depths:4     WizLab (visited)

Altars:
Ashenzari
Cheibriados
Dithmenos
Elyvilon
Fedhas
Gozag
Hepliaklqana
Kikubaaqudgha
Makhleb
Nemelex Xobeh
Okawaru
Qazlal
Ru
Sif Muna
Trog
Uskayaw
Vehumet
Wu Jian
Xom
Yredelemnul
Zin
The Shining One
Beogh
Ignis
Jiyva

Shops:
D:14 [(=(   Orc:2 (*:(   Elf:2 *   Lair:3 =   Spider:3 [[*   Vaults:1 :[!
Vaults:2 [*   Vaults:5 [=   Depths:4 =[[[

Portals:
Hell: Depths:1 Depths:2 Depths:3 Depths:4
Abyss: Depths:2 Depths:3 Depths:4
Pandemonium: Depths:1 Depths:2
Ziggurat: Depths:4

Annotations:
Crypt:2 1 transporter


Innate Abilities, Weirdness & Mutations

Your spellcasting is much less encumbered by armour.
You can use scrolls of enchantment on lesser artefacts.
You have a somewhat thin skeletal structure. (Dex +2, Stealth+)
You have supernaturally acute eyesight. (SInv)
You have an uncontrollable temper.
You are dopey. (Int -2)
You do not regenerate when monsters are visible.
Potions are less effective at restoring your health.
Your spells are a little easier to cast, but a little less powerful.
You occasionally lose the ability to drink potions when taking damage.


Message History

You block the yellow draconian annihilator's attack.
GONNNNG!
You hear a roar! x2
Unknown command.
You hit the yellow draconian annihilator.
The yellow draconian annihilator is almost dead.
Unknown command.
You hammer the yellow draconian annihilator like a gong!!!
You kill the yellow draconian annihilator!
The purple draconian is distracted by your dazzling golden aura.
Unknown command.
Unknown command.
The moth of wrath goads the red draconian on!
The red draconian goes berserk!
Items here: $ ( ) [.
Unknown command.
You skewer the purple draconian like a kebab!!!
The purple draconian is no longer distracted by gold.
The purple draconian is heavily wounded.
The red draconian rages.
You block the purple draconian's attack.
BOUMMMMG!
You hear a roar! x2
Unknown command.
You impale the purple draconian!!
The purple draconian is almost dead.
The purple draconian breathes dispelling energy at you.
The bolt of dispelling energy hits you!!
You feel strangely stable.
Your magical effects are unravelling.
* * * LOW HITPOINT WARNING * * *
You feel yourself speed up.
You feel yourself slow down.
The purple draconian attacks as it pursues you!
You block the purple draconian's attack.
BONNNG!
You hear a deafening roar! x2; You hear a roar! x2
Unknown command.
You see here 31 gold pieces.
You see here 19 gold pieces.
The purple draconian breathes dispelling energy at you.
The bolt of dispelling energy hits you!!!
You die...
Your body crumbles into a pile of gold.

#########
##yidd$$@###
##.#######..##
#$## ###.##
##i# ##.##
#y## ##.# #i#
#.# #y# #.#


#iy #.# #.#. #.# You could see a purple draconian (catching breath), a red
draconian (berserk), a moth of wrath and a spriggan (fast, strong).

Vanquished Creatures
  the Royal Jelly (Slime:5)
  3 dread liches
  An ancient lich (Vaults:5)
  An orb of fire (Zot:3)
  Xtahua (Crypt:3)
  A Head Instructor (WizLab)
  Margery (Depths:3)
  2 curse toes (Crypt:3)
  7 golden dragons
  Nikola (Depths:1)
  Arachne (Spider:2)
  4 electric golems (Zot:1)
  12 tentacled monstrosities
  Jorgrun (D:14)
  A hellephant (Depths:3)
  6 titans
  Asterion (Vaults:1)
  7 liches
  Mlioglotl (Spider:2)
  A walking frostbound tome (Depths:3)
  3 deep elf blademasters
  2 deep elf master archers (Elf:3)
  26 acid blobs
  7 quicksilver dragons
  14 sphinxes
  4 tentacled starspawn (Abyss:2)
  9 ancient champions
  6 death cobs
  A thorn hunter (Swamp:4)
  5 tengu reavers
  2 protean progenitors (Zot:3)
  Donald (Crypt:2)
  Roxanne (Swamp:1)
  Aizul (Spider:1)
  11 storm dragons
  6 revenants
  6 shadow dragons
  A daeva (Vaults:4)
  12 azure jellies
  4 deep elf sorcerers
  8 draconian monks
  10 frost giants
  14 fire giants
  A fenstrider witch (Swamp:3)
  5 emperor scorpions
  12 rockslimes
  7 iron dragons
  6 draconian shifters
  3 draconian scorchers
  8 draconian knights
  18 vault wardens
  A juggernaut zombie (Depths:1)
  An angel (Vaults:4)
  6 deep elf elementalists (Elf:3)
  A draconian stormcaller (Zot:2)
  7 ghost moths
  5 curse skulls
  7 draconian annihilators
  5 spectral caustic shrikes (Depths:2)
  6 ghouls
  Louise (Spider:2)
  A spriggan defender (Depths:4)
  6 broodmothers
  13 quicksilver oozes
  A hydra skeleton (Swamp:4)
  11 vampire knights
  12 formless jellyfish
  18 stone giants
  14 very ugly things
  11 ironbound thunderhulks
  24 ironbound preservers
  3 deep elf demonologists (Elf:3)
  8 deep elf death magi
  6 green draconians
  4 eleionomae
  4 war gargoyles
  7 bunyips
  A lorocyproca (Depths:1)
  21 red draconians
  7 black draconians
  9 deep elf annihilators
  6 purple draconians
  11 white draconians
  7 yellow draconians
  A dire elephant (Vaults:3)
  9 spark wasps
  3 eidola
  9 ettins
  A green death (Vaults:4)
  15 fire dragons
  3 jiangshi
  A merfolk impaler (Depths:2)
  A mummy priest (Crypt:3)
  3 merfolk javelineers
  2 entropy weavers (Spider:4)
  A crystal guardian (Vaults:1)
  7 deep elf high priests
  3 shambling mangroves (Swamp:4)
  Josephine (Lair:5)
  10 yaktaur captains
  A spriggan zombie (Crypt:2)
  Erolcha (D:12)
  7 ice dragons
  9 rakshasas
  16 great orbs of eyes
  3 ogre magi
  20 hydras
  9 centaur warriors
  4 spriggan air magi
  3 ghost crabs
  A peacekeeper (Vaults:1)
  19 alligators
  A jorogumo (Spider:4)
  37 vault guards
  15 ironbound frosthearts
  11 boulder beetles
  3 catoblepae
  A merfolk avatar (Lair:5)
  A radroach (Spider:1)
  5 death knights (Crypt:1)
  31 dancing weapons
  A death scarab (Spider:1)
  6 two-headed ogres
  3 deep troll earth magi
  2 satyrs (Zot:3)
  3 deep troll shamans
  A hell hog (Abyss:2)
  7 tengu warriors
  11 demonic crawlers
  A sphinx skeleton (Depths:3)
  4 orc high priests
  3 shock serpents (Zot:1)
  4 death yaks (Lair:5)
  20 deep elf knights
  7 vampire magi
  3 thrashing horrors (Abyss:2)
  26 hell knights
  An iron troll (Depths:4)
  2 soul eaters
  2 wretched stars (Abyss:2)
  3 spriggan berserkers
  4 occultists
  2 skysharks (Lair:5)
  2 emperor scorpion zombies
  11 skeletal warriors
  7 goliath frogs
  16 spriggans
  7 spriggan druids
  A sixfirhy (Abyss:2)
  A sea snake (shapeshifter) (Vaults:5)
  2 sun moths
  10 pharaoh ants
  3 spectral hydras (Swamp:4)
  A deep troll (shapeshifter) (Depths:4)
  A sea snake (Lair:5)
  An orb spider (shapeshifter) (Vaults:5)
  7 mana vipers (WizLab)
  11 deep elf archers
  A death drake (Swamp:4)
  2 shadow wraiths (Crypt:3)
  5 bog bodies
  An obsidian bat (Orc:2)
  61 deep trolls
  10 flayed ghosts
  A spriggan simulacrum (Crypt:1)
  2 glowing orange brains
  13 orb spiders
  9 steelbarb worms
  A shadow dragon zombie (Crypt:2)
  6 swamp dragons
  6 lindwurms
  6 thermic dynamos
  A wolf spider zombie (D:15)
  12 arcanists
  14 necromancers
  33 wolf spiders
  29 ironbound convokers
  Pikel (D:7)
  An iron giant skeleton (Crypt:3)
  A sun moth (shapeshifter) (Vaults:5)
  27 deep elf zephyrmancers
  10 phantasmal warriors
  31 deep elf pyromancers
  5 harpies
  37 ugly things
  8 orc knights
  10 manticores
  4 oklob plants
  A sphinx simulacrum (Depths:3)
  5 lightning spires (Zot:1)
  7 shining eyes
  8 orc sorcerers
  3 cyclopes
  A frost giant zombie (Depths:1)
  A faun (shapeshifter) (Vaults:5)
  2 will-o-the-wisps
  2 shadow dragon skeletons
  A cyclops (shapeshifter) (Abyss:2)
  9 meliai
  2 stone giant zombies
  8 elephants (Lair:5)
  A frost giant skeleton (Crypt:1)
  26 moths of wrath
  A meliai (shapeshifter) (D:14)
  4 black mambas
  A stone giant skeleton (Depths:1)
  4 kobold blastminers (Orc:2)
  A naga mage (WizLab)
  2 alligator snapping turtle zombies (Crypt:1)
  2 eyes of devastation
  An eye of devastation (shapeshifter) (Vaults:5)
  A titan simulacrum (Crypt:2)
  16 vault sentinels
  A water nymph (shapeshifter) (Depths:3)
  A centaur skeleton (D:15)
  3 gargoyles
  A storm dragon simulacrum (Crypt:2)
  2 apocalypse crabs (Abyss:2)
  2 smoke demons (Abyss:2)
  3 centaur zombies
  7 torpor snails
  Jeremiah (D:9)
  A cane toad (shapeshifter) (D:13)
  14 cane toads
  2 large abominations (Abyss:2)
  A hellion (Depths:1)
  2 efreet
  2 kobold demonologists (D:7)
  An unseen horror (D:13)
  2 mana viper skeletons (Crypt:1)
  A tormentor (Abyss:2)
  A pale draconian zombie (Crypt:2)
  3 freezing wraiths
  27 yaktaurs
  A purple draconian skeleton (Crypt:2)
  5 rime drakes
  11 komodo dragons
  6 tengu conjurers
  A pale draconian skeleton (Crypt:1)
  6 guardian mummies (Crypt:3)
  A sea snake skeleton (Crypt:1)
  6 trolls
  2 harpy zombies
  4 tyrant leeches
  5 hydra zombies
  A merfolk (shapeshifter) (Vaults:5)
  A wind drake (Lair:5)
  2 bloated husks
  2 ancient zymes (Abyss:2)
  A queen bee (shapeshifter) (Abyss:2)
  2 polar bears
  3 glass eyes
  21 hornets
  30 tarantellas
  A hornet (shapeshifter) (D:15)
  4 harpy skeletons
  An alligator simulacrum (Crypt:1)
  3 raiju (Abyss:2)
  5 dream sheep (Lair:4)
  36 jumping spiders
  27 blink frogs
  A guardian serpent zombie (Crypt:2)
  An iron dragon simulacrum (Crypt:2)
  Sigmund (D:5)
  76 slime creatures
  An ice dragon zombie (Crypt:3)
  A centaur simulacrum (Crypt:3)
  An ice dragon skeleton (Crypt:1)
  An ettin skeleton (Crypt:3)
  A shadow (D:13)
  23 culicivoras
  5 air elementals
  13 wraiths
  8 wyverns
  3 small abominations (Abyss:2)
  7 vampires
  47 yaks
  8 water elementals
  6 basilisks
  A fire bat (shapeshifter) (Depths:3)
  3 golden eyes (Slime:4)
  2 steam dragons
  A neqoxec (Abyss:2)
  3 wargs
  8 vampire mosquitoes
  58 redbacks
  5 fire elementals (Elf:1)
  15 swamp worms
  5 acid dragons
  16 water moccasins
  5 hell hounds (Depths:2)
  2 hydra simulacra (Swamp:4)
  A glowing shapeshifter skeleton (Crypt:3)
  20 orc warriors
  6 swamp drakes
  3 sky beasts
  8 laughing skulls
  5 ice beasts
  5 black bears
  18 wolves
  16 centaurs
  8 ogres
  A redback (shapeshifter) (Depths:3)
  4 swamp dragon skeletons
  4 lemures (D:7)
  3 phantoms
  3 kobold brigands
  A rime drake skeleton (Crypt:3)
  19 bullfrogs
  3 gnoll sergeants
  A brain worm (shapeshifter) (D:13)
  2 earth elementals
  4 scorpions
  A cyclops skeleton (Crypt:2)
  5 killer bees
  2 electric eels
  2 bombardier beetles
  4 jellies
  21 orc priests
  A bullfrog skeleton (Crypt:2)
  5 hounds
  A gnoll bouda (D:8)
  A basilisk zombie (Crypt:1)
  17 starcursed masses (Abyss:2)
  5 iguanas
  A sleepcap (D:4)
  Natasha (twice) (D:2)
  Terence (D:2)
  29 orc wizards
  A mummy (Crypt:3)
  20 gnolls
  3 swamp drake zombies (Swamp:4)
  5 adders
  A swamp drake skeleton (Swamp:4)
  4 shadow imps
  4 white imps
  7 ufetubi (Abyss:2)
  An adder skeleton (Crypt:3)
  3 dart slugs
  71 orcs
  6 endoplasms
  3 giant cockroaches
  5 goblins
  8 hobgoblins
  3 jackals (D:5)
  20 kobolds
  4 quokkas
  8 ball pythons
  A ball python zombie (Crypt:3)
  4 bats
  3 frilled lizards (D:1)
  A giant cockroach zombie (Crypt:2)
  A goblin skeleton (Crypt:2)
  9 rats
  A rat skeleton (Crypt:2)
  A river rat skeleton (Crypt:2)
  4 starspawn tentacles (Abyss:2)
2465 creatures vanquished.

Vanquished Creatures (collateral kills)
  A formless jellyfish (Vaults:4)
  A vault guard (Vaults:5)
  A dancing weapon (Elf:2)
  A vault sentinel (Vaults:5)
  3 orcs (Vaults:5)
7 creatures vanquished.

Vanquished Creatures (others)
  2 draconian shifters (Zot:1)
  A draconian stormcaller (Zot:1)
  A spark wasp (Zot:1)
  2 black draconians (Zot:1)
  A fire dragon (Depths:4)
  A vault guard (Vaults:5)
  A spriggan air mage (WizLab)
  An occultist (D:11)
  A deep elf knight (Elf:3)
  A deep elf zephyrmancer (Elf:3)
  A moth of wrath (Zot:2)
  3 bloated husks
  An air elemental (Zot:1)
  A wolf (Lair:4)
  A starcursed mass (Abyss:2)
  An orc priest (D:6)
  2 orc wizards (D:6)
  A white imp (Abyss:2)
  An orc (D:6)
  4 foxfires
  119 spectral weapons
  12 starspawn tentacles (Abyss:2)
159 creatures vanquished.

Grand Total: 2631 creatures vanquished

Notes
Turn   | Place    | Note
-------+----------+-------------------------------------------
     0 | D:1      | olmar the Mountain Dwarf Fighter began the quest for the
                  | Orb.
     0 | D:1      | Reached XP level 1. HP: 19/19 MP: 1/1
   127 | D:1      | Reached XP level 2. HP: 25/26 MP: 2/2
   458 | D:1      | Reached XP level 3. HP: 29/31 MP: 3/3
  1454 | D:2      | Noticed Natasha
  1460 | D:2      | Killed Natasha
  1461 | D:2      | Reached XP level 4. HP: 22/40 MP: 4/4
  1654 | D:2      | Noticed Terence
  1663 | D:2      | Killed Terence
  1850 | D:2      | Noticed Natasha
  1863 | D:2      | Killed Natasha
  1864 | D:2      | Reached XP level 5. HP: 39/46 MP: 5/5
  2698 | D:3      | Found a shimmering blue altar of Sif Muna.
  3043 | D:4      | Noticed a two-headed ogre
  3271 | D:3      | Reached skill level 5 in Maces & Flails
  3370 | D:5      | Entered Level 5 of the Dungeon
  3370 | D:5      | Noticed Sigmund
  3391 | D:5      | Killed Sigmund
  3392 | D:5      | Reached skill level 5 in Armour
  3392 | D:5      | Reached XP level 6. HP: 43/52 MP: 6/6
  3512 | D:5      | Reached XP level 7. HP: 24/60 MP: 7/7
  4333 | D:5      | Reached skill level 5 in Fighting
  4493 | D:5      | Reached XP level 8. HP: 68/68 MP: 8/8
  5799 | D:6      | Reached skill level 5 in Shields
  5806 | D:6      | HP: 2/70 [orc priest/divine providence (10)]
  6045 | D:6      | Identified the +3 falchion "Killer Bee's Curse" {speed,
                  | rC++}
  6747 | D:7      | Reached XP level 9. HP: 73/75 MP: 9/9
  6802 | D:7      | Reached skill level 10 in Maces & Flails
  6855 | D:7      | Noticed Pikel
  6915 | D:7      | Killed Pikel
  7594 | D:7      | Noticed a kobold demonologist
  7594 | D:7      | Noticed a kobold demonologist
  7594 | D:7      | Noticed a two-headed ogre
  7597 | D:7      | Noticed a rust devil
  7598 | D:7      | Noticed a sixfirhy
  7782 | D:7      | Identified 2 scrolls of acquirement
  7790 | D:7      | Acquired the +3 eveningstar of Atter {spect, rElec Str+5
                  | Dex-5}
  7893 | D:7      | Acquired a manual of Shields
  8036 | D:7      | Killed a two-headed ogre
  8522 | D:7      | Reached XP level 10. HP: 74/86 MP: 10/10
  8824 | D:7      | Noticed an orange demon
  9118 | D:4      | Killed a two-headed ogre
  9416 | D:4      | Found a staircase to the Ecumenical Temple.
  9431 | Temple   | Entered the Ecumenical Temple
  9482 | Temple   | Became a worshipper of Gozag Ym Sagoz the Greedy
  9912 | D:8      | Found a staircase to the Lair.
  9998 | D:8      | Reached XP level 11. HP: 94/97 MP: 11/11
 10187 | D:8      | Reached skill level 10 in Armour
 10411 | D:9      | Found a blossoming altar of Fedhas.
 10457 | D:9      | Noticed a two-headed ogre
 10468 | D:9      | Killed a two-headed ogre
 10834 | D:9      | Identified the +0 robe of Talih {rElec Regen+}
 10883 | D:9      | Noticed Jeremiah
 10896 | D:9      | Killed Jeremiah
 11038 | D:10     | Entered Level 10 of the Dungeon
 11440 | D:10     | Reached skill level 15 in Maces & Flails
 11954 | D:11     | Noticed a boulder beetle
 11963 | D:11     | Killed a boulder beetle
 12015 | D:11     | You fall into a shaft and drop 2 floors!
 12036 | D:13     | Got the Anthology of the Snowflakes
 12159 | D:13     | Noticed a seven-headed hydra
 12167 | D:13     | Killed a seven-headed hydra
 12171 | D:13     | Reached skill level 10 in Fighting
 12193 | D:13     | Noticed a catoblepas
 12201 | D:13     | Killed a catoblepas
 12328 | D:13     | Noticed a centaur warrior
 12337 | D:13     | Killed a centaur warrior
 12407 | D:13     | Reached XP level 12. HP: 106/106 MP: 12/12
 12452 | D:13     | Noticed a centaur warrior
 12464 | D:13     | Killed a centaur warrior
 12617 | D:13     | Noticed a centaur warrior
 12617 | D:13     | Noticed a two-headed ogre
 12619 | D:13     | Noticed a centaur warrior
 12624 | D:13     | Killed a two-headed ogre
 12630 | D:13     | Killed a centaur warrior
 12632 | D:13     | Killed a centaur warrior
 12743 | D:13     | Noticed a centaur warrior
 12756 | D:13     | Reached skill level 10 in Shields
 12763 | D:13     | Killed a centaur warrior
 12972 | D:12     | Noticed Erolcha
 12980 | D:12     | Killed Erolcha
 13892 | D:11     | Noticed a two-headed ogre
 13907 | D:11     | Killed a two-headed ogre
 13973 | D:11     | Found a roughly hewn altar of Beogh.
 13973 | D:11     | Found a staircase to the Orcish Mines.
 13984 | D:11     | Reached XP level 13. HP: 96/117 MP: 13/13
 14886 | Lair:1   | Entered Level 1 of the Lair of Beasts
 15409 | Lair:1   | Noticed a fire dragon
 15418 | Lair:1   | Killed a fire dragon
 15961 | Lair:2   | Reached skill level 1 in Evocations
 17038 | Lair:3   | Found a hole to the Spider Nest.
 17266 | Lair:3   | Reached XP level 14. HP: 112/129 MP: 14/14
 17334 | Lair:3   | Found a staircase to the Swamp.
 17747 | Lair:3   | Bought the ring "Toukour" {rF+ rC+ rN+ SInv} for 711 gold
                  | pieces
 17752 | Lair:3   | Bought the ring of Dawn {Fly rN+ Will+} for 514 gold pieces
 18064 | D:14     | Found Guchung's Jewellery Emporium.
 18122 | D:14     | Found Okluvuog's Distillery.
 18126 | D:14     | Identified the +2 war axe of Tension {antimagic, Str+2}
 18159 | D:14     | Noticed Jorgrun
 18216 | D:14     | Killed Jorgrun
 18227 | D:14     | Bought a potion of heal wounds for 95 gold pieces
 18227 | D:14     | Bought a potion of heal wounds for 95 gold pieces
 18227 | D:14     | Bought a potion of enlightenment for 95 gold pieces
 18227 | D:14     | Bought a potion of magic for 152 gold pieces
 18227 | D:14     | Bought a potion of curing for 57 gold pieces
 18227 | D:14     | Bought a potion of curing for 57 gold pieces
 18227 | D:14     | Bought a potion of curing for 57 gold pieces
 18493 | D:14     | Found Ostuos's Antique Armour Shop.
 18518 | D:14     | Found Busueva's Antique Weapon Emporium.
 18589 | D:14     | Found Zoegu's Weapon Shoppe.
 18775 | D:14     | Reached skill level 15 in Armour
 18781 | D:14     | Found a gate to the Vaults.
 18958 | Orc:1    | Entered Level 1 of the Orcish Mines
 19160 | Orc:1    | Found a roughly hewn altar of Beogh.
 19321 | Orc:2    | Entered Level 2 of the Orcish Mines
 19611 | Orc:2    | Found a roughly hewn altar of Beogh.
 19745 | Orc:2    | Found a staircase to the Elven Halls.
 19848 | Orc:2    | Found Vyjuqat's Weapon Emporium.
 20613 | Orc:2    | Found Cehuo's Book Boutique.
 20620 | Orc:2    | Found Ysmacsysk's Antique Weapon Boutique.
 20622 | Orc:2    | Bought a manual of Fighting for 1040 gold pieces
 20624 | Orc:2    | Found Wiffu's Assorted Antiques.
 20633 | Orc:2    | Bought a jewelled plate armour for 644 gold pieces
 20633 | Orc:2    | Identified the +9 plate armour of Guihona {^Contam rPois
                  | rC+ Dex+4} (You bought it in a shop on level 2 of the
                  | Orcish Mines)
 20633 | Orc:2    | Bought a wand of roots (2) for 110 gold pieces
 20633 | Orc:2    | Bought a potion of curing for 69 gold pieces
 21014 | Lair:4   | Reached skill level 15 in Fighting
 21080 | Lair:4   | Reached XP level 15. HP: 130/141 MP: 15/15
 21633 | Lair:5   | Entered Level 5 of the Lair of Beasts
 21981 | Lair:5   | Found a staircase to the Slime Pits.
 22368 | Lair:5   | Noticed Josephine
 22379 | Lair:5   | Killed Josephine
 22530 | Lair:5   | Identified the +5 trident "Gameto Calae" {freeze, rElec rC+
                  | Int+2 Dex+3}
 22532 | Lair:5   | Got the Guidebook on Injurious Conflagration
 22533 | Lair:5   | Identified the +7 spear of Gehenna {flame, Str+3}
 22769 | Swamp:1  | Entered Level 1 of the Swamp
 22769 | Swamp:1  | Noticed Roxanne
 22898 | Swamp:1  | Killed Roxanne
 24236 | Swamp:2  | Reached XP level 16. HP: 126/157 MP: 16/16
 24962 | Swamp:3  | HP: 6/159 [eleionoma (12)]
 25791 | Swamp:4  | Entered Level 4 of the Swamp
 25932 | Swamp:4  | Reached skill level 15 in Shields
 26269 | Swamp:4  | Noticed a thorn hunter
 26285 | Swamp:4  | Killed a thorn hunter
 26518 | Swamp:4  | Found a blossoming altar of Fedhas.
 26551 | Swamp:4  | Reached XP level 17. HP: 115/171 MP: 17/17
 26636 | Swamp:4  | Found a basalt altar of Yredelemnul.
 26757 | Swamp:4  | Got a decaying rune of Zot
 27208 | Spider:1 | Entered Level 1 of the Spider Nest
 27533 | Spider:1 | Identified the serpent talisman of Parlour Games {rElec rF+
                  | rN++ Slay-3}
 27533 | Spider:1 | Noticed Aizul
 27548 | Spider:1 | Killed Aizul
 28834 | Spider:2 | Noticed Louise
 29085 | Spider:2 | Killed Louise
 29160 | Spider:2 | Noticed Arachne
 29186 | Spider:2 | Killed Arachne
 29353 | Spider:2 | Noticed Mlioglotl
 29361 | Spider:2 | Killed Mlioglotl
 29862 | Spider:3 | Bought a potion of curing for 72 gold pieces
 29862 | Spider:3 | Bought 3 scrolls of teleportation for 216 gold pieces
 29862 | Spider:3 | Bought a clear potion for 21 gold pieces
 29870 | Spider:3 | Bought a pair of bloodstained gloves for 294 gold pieces
 29870 | Spider:3 | Identified the +1 pair of gloves of Meypp {Rampage rElec
                  | Will-} (You bought it in a shop on level 3 of the Spider
                  | Nest)
 29957 | Spider:3 | Identified the +6 falchion of the Butterfly {antimagic, rN+
                  | Will+ Stlth+}
 30583 | Spider:3 | Reached XP level 18. HP: 165/182 MP: 18/18
 30891 | Spider:4 | Entered Level 4 of the Spider Nest
 32898 | Spider:4 | Identified the +0 pair of gloves "Emoleqe" {rPois}
 33108 | Spider:4 | Got a gossamer rune of Zot
 33691 | Elf:1    | Entered Level 1 of the Elven Halls
 33695 | Elf:1    | Paralysed by an air elemental for 1 turns
 33906 | Elf:1    | Found a magical portal.
 33911 | WizLab   | Entered Yara's Duelist Academy
 34126 | WizLab   | Got Yara's Thoughts on Curses
 34280 | WizLab   | Noticed Vaarr
 34294 | WizLab   | Killed Vaarr the Head Instructor
 34295 | WizLab   | Reached skill level 5 in Evocations
 34628 | Elf:1    | Reached XP level 19. HP: 193/193 MP: 19/19
 34877 | Elf:1    | Got the Parchment of the Comitatus
 35825 | Elf:2    | Paralysed by an air elemental for 1 turns
 35960 | Elf:2    | Found a runed translucent gate.
 36139 | Elf:2    | Found a runed translucent gate.
 36139 | Elf:2    | Found a runed translucent gate.
 36140 | Elf:2    | Paralysed by an air elemental for 1 turns
 36184 | Elf:2    | Found Ceek's Assorted Antiques.
 36198 | Elf:2    | Bought a potion of lignification for 60 gold pieces
 36198 | Elf:2    | Bought a scroll of fog for 80 gold pieces
 36198 | Elf:2    | Bought a scroll of revelation for 150 gold pieces
 36907 | Elf:2    | Identified the blade talisman of the Hippogriff {Slay+4}
 36959 | Abyss:2  | Cast into level 2 of the Abyss (+1 trident of distortion)
 37029 | Abyss:2  | Gained mutation: You are frail. (-10% HP) [a neqoxec]
 37046 | Abyss:2  | Paralysed by accursed screaming for 1 turns
 37188 | Abyss:2  | Noticed a dread lich
 37200 | Abyss:2  | Killed a dread lich
 37208 | Abyss:2  | Paralysed by accursed screaming for 1 turns
 37212 | Abyss:2  | Paralysed by accursed screaming for 2 turns
 37866 | Elf:2    | Escaped the Abyss
 38488 | Spider:3 | Bought the +18 shield of the Gong {Loud rN+ Will+ rCorr
                  | EV-5} for 2972 gold pieces
 38488 | Spider:3 | Found the +18 shield of the Gong {Loud rN+ Will+ rCorr
                  | EV-5}
 38851 | Elf:3    | Entered Level 3 of the Elven Halls
 39292 | Elf:3    | Reached XP level 20. HP: 184/184 MP: 20/20
 40145 | Elf:3    | Identified the +7 dagger of Evisceration {drain, rElec
                  | rPois Dex-4}
 40145 | Elf:3    | Identified the ring of Odoerynu {rElec rPois rC++ rCorr}
 40150 | Elf:3    | Identified the +3 plate armour of Posunuc {MP+9 Int+3}
 40627 | Elf:3    | Identified the +3 spear of the Dripping Moth {freeze,
                  | Int+4}
 41099 | Elf:3    | Identified the +3 chain mail of Jekid {Int+3}
 41102 | Elf:3    | Identified the staff of Seishuq {rElec Dex+4 Air}
 41153 | Elf:3    | Identified the +0 scale mail of the Ladybird {Regen+ rCorr}
 41160 | Elf:3    | Identified the +6 sling of the Chewing Pariah {heavy, rC+
                  | Str+5}
 41484 | D:15     | Entered Level 15 of the Dungeon
 42212 | D:15     | Found a staircase to the Depths.
 42648 | Vaults:1 | Entered Level 1 of the Vaults
 42687 | Vaults:1 | Found Puniyw's Antique Armour Emporium.
 42693 | Vaults:1 | Noticed Asterion
 42702 | Vaults:1 | Killed Asterion
 43530 | Vaults:1 | Found Ceclawk's Distillery.
 43539 | Vaults:1 | Bought a potion of curing for 30 gold pieces
 43539 | Vaults:1 | Bought a potion of might for 40 gold pieces
 43539 | Vaults:1 | Bought a potion of berserk rage for 50 gold pieces
 43539 | Vaults:1 | Bought a potion of mutation for 80 gold pieces
 43602 | Vaults:1 | Found Xegapoyna's Book Shop.
 43902 | Vaults:2 | Found Eczaf's Armour Shoppe.
 43958 | Vaults:2 | Reached XP level 21. HP: 118/193 MP: 21/21
 43979 | Vaults:2 | Found Ybirin's General Store.
 44475 | Vaults:2 | Identified the +9 dagger of Tykumm {flame, Will+ Int+4}
 45658 | Vaults:3 | Found a staircase to the Crypt.
 45658 | Vaults:3 | Found an ancient bone altar of Kikubaaqudgha.
 45659 | Vaults:3 | Found a basalt altar of Yredelemnul.
 46438 | Vaults:4 | Found a runed translucent gate.
 46439 | Vaults:4 | Found a runed translucent gate.
 47015 | Vaults:4 | Found a runed translucent gate.
 47132 | Vaults:4 | Identified the +3 scale mail of Yredelemnul, Summoning
                  | {Regen+ rCorr Str+3 Int+2}
 47250 | Vaults:4 | Reached XP level 22. HP: 185/203 MP: 22/22
 47497 | Vaults:4 | Identified the staff of the Bedazzling Shark {rF+ rC++
                  | Conj}
 47611 | Vaults:4 | Identified the +5 great mace "Hiam" {drain, Fly Dex+6}
 47628 | Vaults:4 | Found a glowing golden altar of the Shining One.
 47729 | Vaults:5 | Entered Level 5 of the Vaults
 48266 | Depths:1 | Entered Level 1 of the Depths
 48267 | Depths:1 | Found a gateway to Hell.
 48290 | Depths:1 | Noticed Nikola
 48295 | Depths:1 | Killed Nikola
 48652 | Depths:1 | Found a one-way gate leading to the halls of Pandemonium.
 48740 | Depths:1 | Found the +2 pair of slick slippers {slick, slippery, EV+4}
 49104 | Depths:2 | Reached skill level 27 in Maces & Flails
 49256 | Depths:2 | Found a one-way gate to the infinite horrors of the Abyss.
 50032 | Depths:3 | Reached XP level 23. HP: 213/213 MP: 23/23
 50034 | Depths:3 | Noticed Margery
 50048 | Depths:3 | Killed Margery
 50972 | Depths:3 | Identified the +2 great sword "Digotyqe" {venom, rElec rN+
                  | Will- rCorr}
 50991 | Depths:3 | Identified the amulet "Vacwi" {Acrobat +Blink Regen+}
 51366 | Depths:4 | Entered Level 4 of the Depths
 51802 | Depths:4 | Found a gate to the Realm of Zot.
 51848 | Depths:4 | Found a candlelit altar of Ignis.
 51851 | Depths:4 | Identified the +0 sling of the Final Chapter {flame, ^Drain
                  | rC+ Int+4 Dex+2}
 52130 | Depths:4 | Reached skill level 27 in Fighting
 52527 | Depths:4 | Found a one-way gateway to a ziggurat.
 52819 | Depths:4 | Bought the amulet "Dorab" {Spirit rF+ rC+ Regen+} for 663
                  | gold pieces
 53230 | Slime:1  | Entered Level 1 of the Pits of Slime
 53284 | Slime:1  | Reached XP level 24. HP: 212/224 MP: 21/23
 53475 | Slime:1  | Found a viscous altar of Jiyva.
 53795 | Slime:2  | Gained mutation: You are vulnerable to cold. (rC-) [a
                  | shining eye]
 53822 | Slime:2  | Gained mutation: You are occasionally teleported next to
                  | monsters. [a shining eye]
 54449 | Slime:3  | Gained mutation: You sometimes lose your temper in combat.
                  | [a shining eye]
 54855 | Slime:4  | Found a viscous altar of Jiyva.
 55129 | Slime:5  | Entered Level 5 of the Pits of Slime
 55160 | Slime:5  | Noticed the Royal Jelly
 55196 | Slime:5  | Killed the Royal Jelly
 55351 | Slime:5  | Gained mutation: You have an uncontrollable temper. [a
                  | shining eye]
 55352 | Slime:5  | Gained mutation: Your health recovers twice as slowly from
                  | being drained. [a shining eye]
 55358 | Slime:5  | Gained mutation: You are agile. (Dex +4, Str/Int -1) [a
                  | shining eye]
 55378 | Slime:5  | Gained mutation: Armour fits poorly on your strangely
                  | shaped body. [a shining eye]
 55381 | Slime:5  | Paralysed by a formless jellyfish for 1 turns
 55598 | Slime:5  | HP: 2/224 [titanic slime creature (113)]
 55869 | Slime:5  | Paralysed by a formless jellyfish for 1 turns
 55878 | Slime:5  | Reached skill level 27 in Shields
 55964 | Slime:5  | Found the +8 trishula "Condemnation" {holy, anguish, *Noise
                  | Fly rN+}
 56008 | Slime:5  | Identified the staff of Padda {Str+4 Int-5 Dex-3 Stlth+
                  | Conj}
 56015 | Slime:5  | Identified the +8 eveningstar of Conscience {flame, Int+4}
 56023 | Slime:5  | Got a slimy rune of Zot
 56048 | Slime:5  | Identified the +8 flail "Cups" {venom, *Noise Will++ Str+2
                  | Int+3 Stlth+}
 56087 | Slime:5  | Identified the +1 quarterstaff "Zietutt" {flame, MP+9 Str+3
                  | Int+2 Dex-4}
 57075 | Crypt:1  | Entered Level 1 of the Crypt
 57167 | Crypt:1  | Upgraded the game from 0.32-a0-841-g4648e6c457 to
                  | 0.32-a0-868-g153ae1a8d6
 57507 | Vaults:5 | Lost mutation: You are vulnerable to cold. (rC-) [potion of
                  | mutation]
 57507 | Vaults:5 | Lost mutation: You are frail. (-10% HP) [potion of
                  | mutation]
 57507 | Vaults:5 | Gained mutation: You are dopey. (Int -2) [potion of
                  | mutation]
 57508 | Vaults:5 | Lost mutation: You have an uncontrollable temper. [potion
                  | of mutation]
 57508 | Vaults:5 | Lost mutation: You are agile. (Dex +4, Str/Int -1) [potion
                  | of mutation]
 57508 | Vaults:5 | Lost mutation: Your health recovers twice as slowly from
                  | being drained. [potion of mutation]
 57508 | Vaults:5 | Gained mutation: You have a somewhat thin skeletal
                  | structure. (Dex +2, Stealth+) [potion of mutation]
 57509 | Vaults:5 | Lost mutation: You are occasionally teleported next to
                  | monsters. [potion of mutation]
 57509 | Vaults:5 | Lost mutation: Armour fits poorly on your strangely shaped
                  | body. [potion of mutation]
 57509 | Vaults:5 | Gained mutation: You have supernaturally acute eyesight.
                  | (SInv) [potion of mutation]
 57509 | Vaults:5 | Gained mutation: Your spells are a little easier to cast,
                  | but a little less powerful. [potion of mutation]
 57653 | Vaults:5 | Identified the +9 short sword of Gravity {flame, Will+
                  | Int+4}
 58073 | Vaults:5 | Reached XP level 25. HP: 174/257 MP: 18/23
 58241 | Vaults:5 | Reached skill level 10 in Evocations
 58323 | Vaults:5 | Noticed an ancient lich
 58349 | Vaults:5 | Killed an ancient lich
 58642 | Vaults:5 | Noticed a dread lich
 58650 | Vaults:5 | Killed a dread lich
 58773 | Vaults:5 | Found Vusew's Jewellery Shoppe.
 58812 | Vaults:5 | Found Sateiv's Antique Armour Shoppe.
 58816 | Vaults:5 | Bought a pair of faintly humming gloves for 503 gold pieces
 58816 | Vaults:5 | Identified the +0 pair of gloves "Duel" {*Slow Will++
                  | Slay+2 Stlth+} (You bought it in a shop on level 5 of the
                  | Vaults)
 58831 | Vaults:5 | Got a silver rune of Zot
 60696 | Crypt:2  | Noticed a dread lich
 60714 | Crypt:2  | Killed a dread lich
 60777 | Crypt:2  | Noticed Donald
 60782 | Crypt:2  | Killed Donald
 60948 | Crypt:2  | Found a transporter.
 61047 | Crypt:2  | Identified the ring "Wuogev" {rElec rPois Will+++ Str-4
                  | Stlth+}
 61432 | Crypt:2  | Found a radiant altar of Vehumet.
 61550 | Crypt:3  | Entered Level 3 of the Crypt
 61620 | Crypt:3  | Noticed Xtahua
 61635 | Crypt:3  | Killed Xtahua
 62283 | Crypt:3  | Identified the +11 war axe of the Warrior-Mage {freeze,
                  | rElec rF+ Will+}
 62432 | Crypt:3  | Found an ancient bone altar of Kikubaaqudgha.
 62439 | Crypt:3  | Found a basalt altar of Yredelemnul.
 62470 | Crypt:3  | Got the Codex of the Tomb
 62503 | Crypt:3  | Identified the ring of the Messenger {rN++ EV+5 Str+6}
 62503 | Crypt:3  | Identified the ring of Lajewna {Ice ^Drain rPois rN++
                  | Int+4}
 62506 | Crypt:3  | Identified the ring of Astre Fam {rF- rC++ Will+ EV+5}
 62945 | Crypt:3  | Found a staircase to the Tomb.
 63321 | Zot:1    | Entered Level 1 of the Realm of Zot
 63345 | Zot:1    | Reached XP level 26. HP: 266/266 MP: 22/23
 63368 | Depths:4 | Bought a jewelled plate armour for 1036 gold pieces
 63368 | Depths:4 | Identified the +0 plate armour "Hoanoahu" {rN+ Will+} (You
                  | bought it in a shop on level 4 of the Depths)
 64639 | Zot:1    | Reached skill level 27 in Armour
 65593 | Zot:1    | Reached skill level 15 in Evocations
 65669 | Zot:1    | Identified the staff of Undoing {rElec Will+ Int+3 Stlth-
                  | Air}
 65672 | Zot:1    | Got the Precepts of Ouranomancy
 66420 | Zot:2    | Gained mutation: You have an uncontrollable temper.
                  | [mutagenic glow]
 66433 | Zot:2    | Gained mutation: You occasionally lose the ability to drink
                  | potions when taking damage. [mutagenic glow]
 66679 | Zot:2    | Identified the +1 sling "Tuyzoer" {speed, rPois Str+4
                  | Int+2}
 67417 | Zot:3    | Noticed an orb of fire
 67422 | Zot:3    | Gained mutation: Potions are less effective at restoring
                  | your health. [an orb of fire]
 67426 | Zot:3    | Gained mutation: You do not regenerate when monsters are
                  | visible. [an orb of fire]
 67429 | Zot:3    | Killed an orb of fire
 67511 | Zot:3    | Killed from afar by a purple draconian

Illustrated notes

Levels and vault maps discovered:
D:1:      amcnicky_arrival_feature_with_door, layout_loops_ring,
          chequers_serial_rivers_small_3, nicolae_titane
D:2:      layout_basic, minmay_vboxes, uniq_natasha, uniq_terence
D:3:      layout_basic, nicolae_overflow_crystal_walls, minmay_misc_feat_five
D:4:      layout_rooms, minmay_temple_entry_junction, palyth_stone_intersect,
          minmay_surrounded
D:5:      layout_loops_ring, kennysheep_generic_room_6, uniq_sigmund
D:6:      layout_loops_corners
D:7:      minmay_polygon_palace, layout_loops_ring,
          chequers_serial_rivers_micro_b, minmay_misc_feat_square, uniq_pikel
D:8:      layout_basic, hellmonk_lair_entry_icy
D:9:      layout_long_grid, mainiacjoe_overflow_concentric_impassable,
          uniq_jeremiah
D:10:     layout_grid_maze, serial_co_window_serial, co_window_cross_1,
          co_window_paths_a, co_window_corner_a, co_window_corner_a,
          co_window_corner_a, co_window_of_opportunity_c,
          co_window_of_opportunity_c, co_window_of_opportunity_c,
          co_window_of_opportunity_b, co_window_corner_ca, co_window_cross_4,
          glass_columns_a
D:11:     layout_basic, david_orc_5, wad_scary_box
D:12:     layout_basic, minmay_fractal_squares_gapless_5, uniq_erolcha
D:13:     layout_irregular_city, gauntlet_entry_generic, minmay_pinched_square
D:14:     layout_rooms, hellmonk_vaults_keyhole, serial_shops,
          nicolae_shop_trees, nicolae_shop_tiny_waterfront, shop,
          nicolae_shop_waterfront, shop_statue, st_stairs_7, uniq_jorgrun
D:15:     grunt_enter_depths_magical_seal, layout_stronghold,
          chequers_serial_rivers_room_a
Temple:   mainiacjoe_temple_cubbyholes
Lair:1:   dragon1_lemuel, layout_gridlike
Lair:2:   layout_loops_ring, pond, infiniplex_staircase_pool
Lair:3:   layout_cave_shapes, mainiacjoe_swamp_entry_angry_trees,
          spider_nest_entry_rubble, serial_bayou_lagoon_b
Lair:4:   layout_misc_corridors
Lair:5:   gammafunk_lair_ancient_temple, layout_misc_corridors,
          dpeg_slime_entry_enclosed, uniq_josephine
Swamp:1:  layout_basic_swamp, evilmike_swamp_ruin_house_4, uniq_roxanne
Swamp:2:  layout_basic_swamp, evilmike_swamp_ruin_house_6, swamp_pool_1_2,
          nicolae_swamp_super_fun_site
Swamp:3:  layout_basic_swamp, hangedman_swamp_ruin_wall, swamp_pool_3,
          nicolae_swamp_treefoil, nicolae_swamp_alligator_family
Swamp:4:  byrel_swamp_growth_death_and_undeath, layout_basic_swamp
Spider:1: layout_chambers, nicolae_spider_some_kinda_spiderbox, uniq_aizul
Spider:2: layout_spider_delve, uniq_louise, uniq_arachne, uniq_mlioglotl
Spider:3: nicolae_spider_hilbert_zone_4 [nicolae_spider_hilbert_4_sides_2_open,
          nicolae_spider_hilbert_4_sides_1_open,
          nicolae_spider_hilbert_4_sides_1_open,
          nicolae_spider_hilbert_4_sides_1_open,
          nicolae_spider_hilbert_4_sides_1_open,
          nicolae_spider_hilbert_2_sides_1_open,
          nicolae_spider_hilbert_2_sides_1_open,
          nicolae_spider_hilbert_2_sides_1_open,
          nicolae_spider_hilbert_2_sides_1_open,
          nicolae_spider_hilbert_6_sides_1_open,
          nicolae_spider_hilbert_6_sides_1_open,
          nicolae_spider_hilbert_3_sides_1_open,
          nicolae_spider_hilbert_3_sides_1_open]
Spider:4: guppyfry_spider_rune, spiders_nest_spider_trap
Slime:1:  layout_caves, basic_altar
Slime:2:  layout_caves, cheibrodos_slime_lost_civilization_7
Slime:3:  layout_caves
Slime:4:  layout_caves, basic_altar
Slime:5:  slime_pit_nicolae_amoeboid
Orc:1:    nicolae_orc_accident_1, layout_diamond_mine, mines1_david
Orc:2:    st_orc_elflike, layout_caves, basic_altar
Elf:1:    nicolae_elf_arrival_aired_out, layout_onion_city,
          infiniplex_enter_wizlab_spiral, regret_index_elf_centigrade,
          minivault_4, minmay_elf_demonology
Elf:2:    elven_hall_of_blades_hangedman_original
          [nicolae_blade_entry_floor_patterns], layout_loops_cross,
          serial_shops, nicolae_shop_just_a_little_nook
Elf:3:    elf_hall, layout_geoelf_castle
Vaults:1: vaults_mumra_hex, hangedman_vaults_river_flow,
          hangedman_vaults_capsules, v_misc_12, nicolae_vaults_two_Ls,
          nicolae_vaults_mini_display_case, nicolae_vaults_ninety_degrees,
          nicolae_vaults_little_squares_2, nicolae_vaults_apartment_1,
          nicolae_vaults_double_plus_1, vaults_room_pools,
          layout_vaults_quadrants, serial_shops, nicolae_shop_trees, shop,
          nicolae_shop_just_a_little_nook, uniq_asterion
Vaults:2: nicolae_vaults_cornered_office, v_misc_26,
          nicolae_vaults_twisting_passages, nicolae_vaults_apartment_2,
          nicolae_vaults_taking_the_gang_shopping, vaults_room_octagon,
          nicolae_vaults_closet_pinwheel_3, v_misc_28, vaults_room_grid,
          layout_vaults_big_room, serial_shops, shop
Vaults:3: nicolae_vaults_shipping_containers_5, minmay_crypt_entry_necro_gods,
          ontoclasm_vaults_eye, dpeg_vaults_monster_box,
          ontoclasm_vaults_gateway, nicolae_vaults_house_3,
          nicolae_vaults_cornered_office, nicolae_vaults_big_ls,
          ontoclasm_vaults_misaligned, nicolae_vaults_storage_room_glass,
          nicolae_vaults_sesquioval_fish, nicolae_vaults_cornered_office,
          vaults_room_large_hall, ontoclasm_vaults_hangar,
          layout_vaults_omnicross
Vaults:4: nicolae_vaults_yaktaur_gun_rack, vaults_dpeg_spiral,
          nicolae_vaults_little_squares_6, wander_protected_by_tso,
          nicolae_vaults_house_1, nicolae_vaults_cornered_office,
          nicolae_vaults_ellipses_ellipsis, vaults_room_door_hall,
          nicolae_vaults_triangles, hangedman_vaults_slither, vaults_dpeg_ring,
          vaults_room_pools, layout_vaults_omnibox
Vaults:5
Crypt:1:  layout_regular_city, nicolae_crypt_knight_watch
Crypt:2:  gammafunk_sealed_library, layout_basic,
          amcnicky_mini_corridor_feature, grunt_ministairs_6,
          nicolae_crypt_tucked_away, uniq_donald
Crypt:3:  lightli_unholy_cathedral, layout_chaotic_city,
          tomb_entry_pyramid_bobbens, uniq_xtahua
Depths:1: layout_cave_pools, nicolae_figureground_sparkle,
          grunt_pan_entry_zigzag, hell_entry, kennysheep_inner_square,
          uniq_nikola
Depths:2: kennysheep_ambush_hall, layout_cave_pools, special_room
          [special_room_mythical_zoo], pf_hell_entry_tar_river, abyss_entry,
          pan_entry, minmay_misc_feat_enclosed
Depths:3: lemuel_traditional_vault, layout_gridlike, hell_entry,
          minmay_misc_feat_iff, abyss_entry_crystal, grunt_ministairs_3,
          uniq_margery
Depths:4: regret_index_infernal_bastille, layout_gridlike, enter_ziggurat_f,
          minmay_misc_feat_chi, pf_hell_entry_great_geh,
          hangedman_abyss_entry_splay
Zot:1:    infiniplex_zot_generator, layout_twisted_circle, zot_minivault_4
Zot:2:    layout_gridlike, grunt_megastairs_2
Zot:3:    grunt_deathspiral_small, layout_onion_interference,
          regret_index_zotdec_serpentine_scales

Skill      XL: |  1  2  3  4  5  6  7  8  9 10 11 12 13 14 15 16 17 18 19 20 21 22 23 24 25 26 |
---------------+-------------------------------------------------------------------------------+-----
Armour         | 4 5 6 7 8 9 11 12 14 15 16 17 18 19 20 21 23 26 27 | 27.0
Maces & Flails | 3 4 5 6 8 9 11 13 15 17 18 19 20 21 22 23 24 25 26 27 | 27.0
Fighting       | 4 5 6 7 9 10 11 13 15 17 20 21 22 23 24 25 26 27 | 27.0
Shields        | 4 5 6 7 8 10 11 13 14 15 16 17 19 21 22 25 27 | 27.0
Evocations     | 1 2 3 4 5 6 7 9 13 18 | 18.7
Throwing       | |  0.1

Action                     |  1- 3 |  4- 6 |  7- 9 | 10-12 | 13-15 | 16-18 | 19-21 | 22-24 | 25-27 || total
---------------------------+-------+-------+-------+-------+-------+-------+-------+-------+-------++-------
  Melee: Flail             |   128 |    97 |   453 |       |       |       |       |       |       ||   678
         Whip              |       |       |    43 |       |       |       |       |       |       ||    43
         Eveningstar       |       |       |    14 |   479 |  1054 |  1202 |  1289 |  1398 |  1164 ||  6600
  Throw: Dart              |       |     3 |     9 |     2 |     7 |     3 |       |     2 |     1 ||    27
 Invoke: Potion Petition   |       |       |       |       |     1 |     1 |       |     4 |       ||     6
         Call Merchant     |       |       |       |       |     1 |     3 |       |     1 |     3 ||     8
  Evoke: Wand              |       |     5 |     5 |     1 |    10 |    33 |    16 |    22 |    22 ||   114
         Phial of floods   |       |       |       |       |     2 |     3 |     2 |     2 |       ||     9
         Sack of spiders   |       |       |       |       |       |     1 |     4 |     5 |     3 ||    13
         Lightning rod     |       |       |       |       |       |       |     5 |    13 |     9 ||    27
         Tin of tremorston |       |       |       |       |       |       |       |       |     4 ||     4
    Use: Potion            |       |     2 |     2 |       |     5 |    11 |     3 |    15 |     1 ||    39
         Scroll            |       |     5 |     9 |     8 |     7 |    15 |    10 |    15 |     3 ||    72
   Stab: Invisible         |       |     1 |     2 |       |       |     3 |       |       |       ||     6
         Distracted        |       |       |       |     5 |    14 |    26 |    25 |    26 |    35 ||   131
         Paralysed         |       |       |       |       |       |       |       |     1 |       ||     1
 Armour: Scale mail        |   106 |       |       |       |       |       |       |       |       ||   106
         Chain mail        |    12 |    11 |       |       |       |       |       |       |       ||    23
         Plate armour      |       |    69 |   417 |   398 |   766 |  1410 |   648 |   636 |   554 ||  4898
  Dodge: Dodged            |    50 |    20 |    85 |   212 |   288 |   371 |   115 |   124 |    97 ||  1362
  Block: Buckler           |    21 |    20 |    73 |   102 |   214 |   355 |    98 |       |       ||   883
         Kite shield       |       |       |       |       |       |       |   979 |  1292 |  1110 ||  3381

Table legend: (Time is in decaauts)
 A = Elapsed time spent in this place.
 B = Non-inter-level travel time spent in this place.
 C = Inter-level travel time spent in this place.
 D = Time resting spent in this place.
 E = Time spent auto-exploring this place.
 F = Levels seen in this place.
 G = Mean time per level.
                   A        B        C        D        E       F      G
               +--------+--------+--------+--------+--------+-----+--------+
         Total |  65995 |  60098 |   5897 |   9624 |  37551 |  56 | 1178.5 |
       Dungeon |  18399 |  16012 |   2387 |   1963 |  11279 |  15 | 1226.6 |
        Temple |    100 |      1 |     99 |      0 |      0 |   1 |  100.0 |
          Lair |   5194 |   4363 |    831 |    215 |   3262 |   5 | 1038.8 |
         Swamp |   4184 |   3993 |    191 |   1086 |   2112 |   4 | 1046.0 |
   Spider Nest |   6160 |   5841 |    319 |   1194 |   3404 |   4 | 1540.0 |
    Slime Pits |   3411 |   3282 |    129 |    466 |   2190 |   5 |  682.2 |
  Orcish Mines |   1906 |   1612 |    294 |    193 |   1032 |   2 |  953.0 |
   Elven Halls |   5590 |   5185 |    405 |   1313 |   2840 |   3 | 1863.3 |
        Vaults |   7771 |   6930 |    841 |    684 |   4458 |   5 | 1554.2 |
         Crypt |   3123 |   3034 |     89 |    221 |   2101 |   3 | 1041.0 |
        Depths |   4568 |   4313 |    255 |    485 |   2663 |   4 | 1142.0 |
           Zot |   4085 |   4032 |     53 |   1511 |   1488 |   3 | 1361.7 |
         Abyss |    852 |    852 |      0 |    224 |    303 |   1 |  852.0 |
        Wizlab |    647 |    647 |      0 |     65 |    418 |   1 |  647.0 |
               +--------+--------+--------+--------+--------+-----+--------+

Top non-repeatable levels by time:
   Zot:1: 2589 daAuts
   Elf:3: 2536 daAuts
     D:7: 2315 daAuts
Spider:4: 2137 daAuts
Vaults:5: 1917 daAuts
     D:6: 1910 daAuts
Spider:1: 1835 daAuts
Vaults:4: 1706 daAuts
     D:5: 1584 daAuts
Vaults:3: 1573 daAuts
   Elf:2: 1565 daAuts
Depths:4: 1524 daAuts
   Elf:1: 1487 daAuts
 Crypt:3: 1443 daAuts
Spider:3: 1387 daAuts
